 Dungeon Crawl Stone Soup version 0.29.1-2-gbd0b4ee654 (webtiles) character file.

Game seed: 2339963415840718350

194 Firos the Changer (level 5, -12/39 HPs)
             Began as an Octopode Transmuter on Nov 8, 2022.
             Killed from afar by an orc wizard (15 damage)
             ... with a puff of flame
             ... on level 3 of the Dungeon.
             The game lasted 00:04:45 (2892 turns).

Firos the Changer (Octopode Transmuter)             Turns: 2892, Time: 00:04:48

Health: -12/39     AC:  6    Str:  9    XL:     5   Next: 73%
Magic:  9/10       EV: 10    Int: 23    God:
Gold:   126        SH:  0    Dex: 13    Spells: 0/10 levels left

rFire   x . .      SeeInvis .     - Unarmed
rCold   + + +      Faith    .   (shield currently unavailable)
rNeg    . . .      Spirit   .   (helmet currently unavailable)
rPois   +          Reflect  .   f - amulet of magic regeneration
rElec   .          Harm     .   e - +6 ring of intelligence
rCorr   .          Rampage  .   (no ring)
Will    .....                   (no ring)
Stlth   +.........              (no ring)
HPRegen 0.13/turn               (no ring)
MPRegen 0.52/turn               (no ring)
                                (no ring)
                                (no ring)

@: ice-form
A: freezing attack, boosted hp, almost no armour, amphibious, 8 rings, large,
(camouflage 1), (gelatinous body 1), (nimble swimmer 1), (tentacles)
a: End Transformation


You were on level 3 of the Dungeon.
You were a creature of crystalline ice.
You visited 1 branch of the dungeon, and saw 3 of its levels.
You also visited: Sewer.

You collected 126 gold pieces.

Inventory:

Jewellery
 e - a +6 ring of intelligence (left front paw)
 f - an amulet of magic regeneration (around neck)
Scrolls
 b - 2 scrolls of identify
 c - a scroll of butterflies
 g - 3 scrolls of magic mapping
 j - 2 scrolls of summoning {unknown}
 l - a scroll of blinking
 n - a scroll of teleportation {unknown}
Potions
 a - a potion of lignification
 d - 2 potions of ambrosia
 h - a potion of attraction {unknown}
 i - 2 potions of mutation {unknown}
 k - a potion of curing {unknown}
 m - a potion of heal wounds
 o - a potion of magic {unknown}


   Skills:
 + Level 1.0 Fighting
 + Level 2.0 Dodging
 + Level 0.2 Stealth
 * Level 3.0 Unarmed Combat
 + Level 3.3 Spellcasting
 * Level 4.7 Transmutations


You couldn't memorise any spells.
You knew the following spells:

 Your Spells              Type           Power      Damage    Failure   Level
a - Beastly Appendage     Tmut           50%        N/A       1%          1
b - Wereblood             Tmut           25%        N/A       2%          2
c - Spider Form           Tmut/Pois      14%        N/A       13%         3
d - Ice Form              Ice/Tmut       14%        N/A       38%         4

Your spell library contained the following spells:

 Spells                   Type           Power      Damage    Failure   Level
 Summon Small Mammal      Summ           12%        N/A       11%         1
 Call Canine Familiar     Summ           3%         N/A       32%         3
 Dazzling Flash           Conj/Hex       6%         N/A       32%         3
 Summon Guardian Golem    Hex/Summ       3%         N/A       32%         3
 Agony                    Necr           3%         N/A       97%         5
 Silence                  Hex/Air        1%         N/A       97%         5


Dungeon Overview and Level Annotations

Branches:
Dungeon (3/15)              Sewer (visited)

Altars:
Hepliaklqana


Innate Abilities, Weirdness & Mutations

You are a creature of crystalline ice.
You have a powerful freezing melee attack.
Your maximum health is increased.
Your armour is entirely melded.
You are incapable of wielding weapons or throwing items.
You cannot wear most types of armour.
You are amphibious.
You can wear up to eight rings at the same time.
((Your skin changes colour to match your surroundings (Stealth+).))
((Your rubbery body absorbs attacks. (AC +1, EV +1)))
((You are camouflaged when in or above water. (Stealth+)))
((You have tentacles for arms and can constrict up to eight enemies at once.))


Message History

An orc priest, an orc and an orc wizard come into view.
The orc priest is wielding a +2 dagger of speed.
The orc priest shouts!
You hear an angry hiss.
The orc barely misses you.
You closely miss the orc. You grab the orc.
You constrict the orc, but do no damage.
A frilled lizard comes into view.
The orc closely misses you.
Casting: Spider Form (quite dangerous; 13% risk of failure)
Confirm with . or Enter, or press ? or * to list all spells.
The spell is extremely dangerous to miscast (38% risk of failure)!
Continue anyway?
You turn into a creature of crystalline ice.
You lose your grip on the orc.
The orc wizard gestures wildly while chanting.
The orc wizard flickers and vanishes!
Deactivating autopickup; reactivate with Ctrl-A.
The orc hits you but does no damage.
You punch the orc! You freeze the orc.
You kill the orc!
You barely miss the orc. The orc barely misses you.
Something hits you but does no damage.
You punch the orc! You freeze the orc.
You kill the orc!
The orc priest calls down the wrath of Beogh upon you.
Beogh smites you! Something hits you but does no damage.
The orc priest hits you but does no damage.
Something hits you.
Things that are here:
a +0 morningstar; a +0 club; a +0 leather armour You barely miss the orc priest.
The orc priest closely misses you. The frilled lizard barely misses you.
Something hits you but does no damage.
The orc priest hits you with a +2 dagger of speed.
You barely miss the orc priest. The frilled lizard barely misses you.
The orc priest mumbles some strange prayers to Beogh against you.
Beogh smites you!
* * * LOW HITPOINT WARNING * * *
You hear some strange, mumbled words.
A puff of flame appears from out of thin air!
The puff of flame hits you! The fire burns you terribly!
You die...

#...####.#.#######
##.... #######.#..###...
#.... #...............##
#.... #.....#####.....##
##### #..⌠.##. #.⌠.... #
#...##... #....# #
#.)##....#####...# ### #
#.##....##8.8##.o##.....
# #.#.....#.....#{Yl...#
# #.#.._..#.._..#.####.#
# ..# ....#.....#.)....#
..## .8##....##.#.####
...#####....##..#.#
...[##.....##.....#
...⌠.##...##.⌠..#.#
......##'##.......#
..................#


You could see an orc priest and a frilled lizard.

Vanquished Creatures
  A water moccasin (Sewer)
  2 adders (D:2)
  A worm (D:2)
  8 orcs (D:3)
  5 endoplasms
  7 giant cockroaches (D:3)
  6 goblins
  5 hobgoblins
  3 kobolds
  4 quokkas
  3 ball pythons
  A bat (D:3)
  4 frilled lizards
  5 rats
55 creatures vanquished.

Notes
Turn   | Place    | Note
-------+----------+-------------------------------------------
     0 | D:1      | Firos the Octopode Transmuter began the quest for the Orb.
     0 | D:1      | Reached XP level 1. HP: 13/13 MP: 3/3
     9 | D:1      | Found a faded altar of an unknown god.
   419 | D:1      | Reached XP level 2. HP: 18/18 MP: 5/5
   425 | D:1      | Learned a level 2 spell: Wereblood
   999 | D:2      | Reached skill level 3 in Transmutations
  1086 | D:2      | Reached XP level 3. HP: 19/23 MP: 6/6
  1345 | D:2      | Learned a level 3 spell: Spider Form
  1686 | D:3      | Reached XP level 4. HP: 16/28 MP: 8/8
  2045 | D:3      | Found a glowing drain.
  2073 | Sewer    | Entered a sewer
  2192 | Sewer    | Noticed a water moccasin
  2215 | Sewer    | Killed a water moccasin
  2216 | Sewer    | Reached skill level 4 in Transmutations
  2216 | Sewer    | Reached XP level 5. HP: 33/33 MP: 8/10
  2225 | Sewer    | Learned a level 4 spell: Ice Form
  2825 | D:3      | Found a faded altar of an unknown god.
  2829 | D:3      | Found a hazy altar of Hepliaklqana.
  2892 | D:3      | Killed from afar by an orc wizard

Illustrated notes

Levels and vault maps discovered:
D:1:      minmay_arrival_checkered_box, layout_rooms,
          hellmonk_ecumenical_altar_crossroads, chequers_jeans
D:2:      layout_loops_ring, minmay_surrounded
D:3:      layout_basic, nicolae_overflow_ecumenical_swirl, gup_sewer_entry_pipe

Skill      XL: |  1  2  3  4 |
---------------+-------------+-----
Transmutations | 3 4 |  4.7
Spellcasting   | 3 |  3.3
Fighting       | |  1.0
Dodging        | |  2.0
Stealth        | |  0.2
Unarmed Combat | |  3.0

Action                   |  1- 3 |  4- 6 || total
-------------------------+-------+-------++-------
Melee: Unarmed           |    67 |    76 ||   143
       Constrict         |     9 |     7 ||    16
       Tentacles         |     8 |     7 ||    15
       Kick              |     1 |       ||     1
 Cast: Beastly Appendage |     1 |       ||     1
       Spider Form       |     3 |     4 ||     7
       Ice Form          |       |     1 ||     1
  Use: Scroll            |     5 |     4 ||     9
       Potion            |       |     1 ||     1
 Stab: Sleeping          |     9 |     2 ||    11
Armor: Skin              |     4 |    11 ||    15
Dodge: Dodged            |    34 |    56 ||    90
